Map: Ephemeron LE

Players

llIIllIIIIIl - Winner!

  • Race: Protoss Protoss
  • League: Master
  • Spawn Location: 11:00

NoRegreT

  • Race: Zerg Zerg
  • Spawn Location: 5:00

Event: NationWars 2019

VOD

Have the link to the VOD?

Description

Time

  • Played on: Nov. 16, 2019, 11:22 a.m.
  • Length: 10:00
Show
View Real Time Build Order
Export as new Build Order

llIIllIIIIIl Protoss - Winner!

Build Orders: Colossus Rush 

Get SALT Encoding   

  12  0:00  Probe  
  13  0:12  Probe  
  14  0:19  Pylon  
  14  0:25  Probe (Chrono Boost)  
  15  0:38  Probe (Chrono Boost), Gateway  
  16  0:46  Probe (Chrono Boost)  
  16  0:49  Assimilator  
  17  0:52  Probe  
  18  1:04  Probe  
  19  1:16  Probe  
  20  1:24  Gateway  
  20  1:26  Cybernetics Core, Zealot  
  20  1:30  Pylon  
  22  1:45  Probe  
  22  2:02  Adept (Chrono Boost)  
  24  2:09  Warp Gate  
  24  2:12  Nexus  
  24  2:16  Probe  
  25  2:28  Probe  
  24  2:40  Probe (Chrono Boost), Assimilator  
  24  2:41  Sentry  
  28  2:51  Probe (Chrono Boost)  
  28  2:56  Probe (Chrono Boost)  
  29  2:59  Robotics Facility  
  29  3:05  Pylon  
  29  3:06  Probe  
  30  3:19  Probe (Chrono Boost)  
  31  3:24  Probe (Chrono Boost)  
  30  3:31  Probe (Chrono Boost)  
  30  3:34  Probe (Chrono Boost)  
  32  3:36  Probe (Chrono Boost)  
  32  3:39  Probe (Chrono Boost)  
  34  3:45  Probe  
  34  3:46  Observer  
  36  3:50  Pylon, Forge  
  36  3:51  Probe  
  37  3:57  Probe  
  37  3:58  Stalker, Sentry  
  42  4:03  Probe  
  42  4:05  Immortal (Chrono Boost)  
  42  4:09  Probe  
  48  4:15  Probe  
  49  4:17  Assimilator  
  49  4:18  Assimilator  
  49  4:21  Probe  
  49  4:22  Protoss Ground Weapons Level 1  
  50  4:27  Probe  
  51  4:33  Probe  
  51  4:37  Immortal (Chrono Boost)  
  52  4:39  Probe  
  58  4:45  Probe  
  58  4:47  Gateway  
  58  4:48  Gateway  
  58  4:51  Sentry  
  60  4:56  Pylon, Probe  
  60  4:58  Probe  
  62  5:15  Robotics Bay, Immortal  
  62  5:20  Pylon  
  66  5:25  Observer  
  66  5:27  Sentry  
  68  5:28  Observer  
  68  5:29  Zealot  
  69  5:37  Pylon  
  69  5:48  Nexus  
  69  5:57  Adept x4  
  72  5:59  Colossus (Chrono Boost)  
  72  6:03  Observer  
  82  6:12  Extended Thermal Lance  
  82  6:14  Nexus  
  82  6:17  Pylon  
  82  6:19  Sentry  
  82  6:22  Sentry  
  86  6:28  Pylon  
  86  6:33  Protoss Ground Armor Level 1  
  86  6:35  Gateway  
  86  6:44  Probe x2  
  88  6:54  Zealot x4  
  88  7:08  Colossus (Chrono Boost)  
  88  7:09  Probe  
  88  7:10  Probe  
  96  7:16  Photon Cannon  
  96  7:17  Sentry  
  96  7:18  Sentry  
  96  7:21  Probe  
  96  7:22  Probe  
  102  7:25  Gateway  
  102  7:30  Probe  
  102  7:33  Probe  
  102  7:35  Gateway  
  104  7:49  Gateway  
  104  7:50  Warp Prism (Chrono Boost)  
  106  7:52  Photon Cannon  
  106  7:56  Pylon  
  106  8:10  Sentry x2  
  106  8:11  Sentry, Zealot  
  106  8:12  Probe  
  93  8:13  Probe x2  
  79  8:21  Observer  
  79  8:24  Probe  
  79  8:25  Probe x2  
  82  8:30  Sentry x2  
  86  8:36  Zealot  
  86  8:37  Zealot  
  86  8:38  Zealot  
  86  8:39  Zealot  
  87  8:55  Observer  
  87  8:58  Sentry x2  
  87  8:59  Stalker x3  
  97  9:03  Sentry  
  99  9:21  Stalker x2  
  99  9:22  Stalker  
  99  9:23  Sentry x2  
  106  9:43  Stalker x2  
  106  9:44  Stalker  
  110  9:48  Sentry  
Show
View Real Time Build Order
Export as new Build Order

NoRegreT Zerg 

Build Orders: Pool First 

Get SALT Encoding   

  12  0:01  Drone  
  13  0:10  Drone  
  14  0:25  Spawning Pool  
  13  0:29  Drone  
  14  0:38  Extractor  
  14  0:39  Drone, Extractor  
  14  0:40  Drone  
  16  0:46  Overlord  
  16  1:13  Zergling x2  
  16  1:15  Zergling x2  
  16  1:17  Hatchery  
  16  1:18  Zergling x2  
  18  1:25  Zergling x2  
  19  1:31  Queen  
  21  1:35  Drone  
  22  1:42  Extractor  
  22  1:45  Drone  
  22  2:00  Overlord  
  21  2:17  Queen  
  21  2:18  Drone  
  21  2:20  Drone  
  25  2:28  Drone  
  25  2:29  Drone  
  26  2:37  Queen  
  24  2:40  Drone x2  
  28  2:50  Zergling x2  
  29  2:51  Zergling x2  
  30  3:01  Drone x2  
  30  3:03  Drone x3  
  35  3:15  Drone x2  
  36  3:20  Metabolic Boost  
  36  3:23  Overlord  
  36  3:29  Overlord  
  36  3:35  Drone, Evolution Chamber  
  36  3:42  Drone x2  
  36  3:44  Drone  
  39  3:49  Drone x2  
  39  3:50  Hatchery  
  39  3:51  Drone  
  39  3:53  Drone  
  42  3:55  Drone  
  42  3:59  Drone  
  42  4:00  Drone  
  42  4:02  Drone  
  46  4:05  Zerg Melee Weapons Level 1  
  46  4:11  Overlord  
  46  4:12  Spore Crawler  
  46  4:14  Spore Crawler  
  44  4:19  Overlord  
  44  4:20  Extractor  
  44  4:21  Drone  
  44  4:29  Lair  
  44  4:30  Drone x2  
  46  4:31  Drone  
  46  4:36  Drone  
  46  4:37  Drone  
  46  4:38  Extractor  
  48  4:39  Zergling x2  
  49  4:46  Zergling x4, Baneling Nest  
  49  4:47  Zergling x4  
  49  4:51  Zergling x2  
  54  4:55  Zergling x4  
  56  5:02  Pneumatized Carapace  
  56  5:03  Zergling x2  
  56  5:04  Zergling x6  
  61  5:07  Drone  
  61  5:08  Spore Crawler  
  61  5:12  Zergling x2  
  61  5:13  Zergling x2  
  62  5:15  Zergling x6  
  62  5:21  Drone  
  66  5:26  Zergling x2, Overlord  
  66  5:31  Overlord  
  66  5:39  Centrifical Hooks  
  66  5:40  Overlord  
  66  5:44  Zergling x2  
  66  5:45  Zergling x14  
  73  5:52  Zergling x4  
  73  5:53  Zergling x2  
  73  5:54  Zergling x4  
  73  5:55  Zergling x4  
  74  5:57  Zergling x4  
  71  6:05  Zergling x4  
  71  6:07  Zergling x2  
  71  6:08  Zergling x2  
  71  6:11  Zergling x4  
  77  6:13  Zergling x2  
  77  6:17  Zergling x2  
  79  6:22  Zergling x8  
  83  6:28  Baneling x7  
  83  6:30  Zergling x6  
  86  6:34  Zergling x6  
  89  6:45  Overlord  
  89  6:57  Zergling x4  
  89  7:00  Zergling x2  
  89  7:02  Zergling x6  
  89  7:03  Zergling x4  
  89  7:05  Zergling x2  
  89  7:06  Zergling x10  
  89  7:07  Zergling x4  
  79  7:11  Zergling x2  
  75  7:16  Zerg Missile Weapons Level 1  
  75  7:17  Roach Warren  
  75  7:18  Baneling x7  
  75  7:19  Drone x2  
  75  7:22  Drone  
  77  7:28  Drone  
  77  7:29  Drone  
  79  7:31  Drone  
  80  7:42  Drone x3  
  83  7:45  Drone x3  
  83  7:47  Drone x2, Baneling x6  
  83  7:50  Drone x2  
  83  7:51  Drone, Extractor x2  
  89  7:52  Drone  
  89  7:56  Drone x2  
  89  7:57  Drone  
  93  8:02  Drone  
  94  8:07  Drone x2  
  88  8:13  Drone x2  
  88  8:18  Drone x6  
  92  8:20  Roach x3  
  92  8:21  Glial Reconstitution  
  89  8:27  Overlord  
  89  8:28  Roach  
  89  8:29  Roach  
  89  8:32  Roach  
  95  8:37  Roach  
  94  8:42  Roach  
  95  8:52  Roach x2  
  97  8:59  Roach  
  99  9:04  Overlord  
  99  9:05  Ravager  
  99  9:07  Roach  
  102  9:10  Roach, Overlord x2  
  102  9:11  Overlord  
  102  9:12  Roach  
  102  9:16  Roach  
  105  9:18  Roach  
  105  9:21  Roach  
  105  9:23  Roach  
  105  9:24  Roach  
  110  9:26  Overlord  
  110  9:29  Roach  
  112  9:31  Roach  
  112  9:32  Roach  
  112  9:33  Roach  
Tags
 
Add a new tag
Caveats
  • Supply blocks, unpowered buildings, or Contaminate may cause inaccurate times.
  • Supply counts are checked every 10 seconds.